 Dungeon Crawl Stone Soup version 0.18.1-47-g9310371 (webtiles) character file.

1201 Mesmaeker13 the Skirmisher (level 8, -1/67 HPs)
             Began as a Demonspawn Gladiator on June 23, 2016.
             Slain by a gargoyle
             ... wielding a +0 mace
              (2 damage)
             ... on level 5 of the Dungeon.
             The game lasted 00:11:18 (3389 turns).

Mesmaeker13 the Skirmisher (Demonspawn Gladiator)   Turns: 3389, Time: 00:11:19

Health: -1/67      AC: 14    Str: 16 (17) XL:     8   Next: 21%
Magic:  8/8        EV:  8    Int: 13      God:
Gold:   301        SH:  0    Dex: 12 (14) Spells: 0 memorised, 7 levels left

rFire  . . .     SeeInvis .     l - +4 long sword (slice)
rCold  + + +     Gourm    .     e - +0 chain mail
rNeg   . . .     Faith    .     (no shield)
rPois  +         Spirit   .     c - +0 helmet
rElec  .         Dismiss  .     (no cloak)
rCorr  .         Reflect  .     g - +0 pair of gloves
SustAt .         Harm     .     y - +1 pair of boots of Gostros {*Corrode rPois rC+++ Int+3}
MR     .....                    (no amulet)
Stlth  ..........               (no ring)
                                (no ring)

@: not resistant to hostile enchantments, extremely unstealthy
A: talons 2, foul stench 1, powered by death 1, rot immunity
a: no special abilities


You were on level 5 of the Dungeon.
You were not hungry.

You visited 1 branch of the dungeon, and saw 5 of its levels.

You collected 301 gold pieces.

Inventory:

Hand Weapons
 a - a +0 flail
 l - a +4 long sword of slicing (weapon)
Missiles
 k - 4 poisoned needles
Armour
 c - a +0 helmet (worn)
 e - a +0 chain mail (worn)
 g - a +0 pair of gloves (worn)
 s - a +0 pair of boots
 v - a +0 plate armour
 y - the +1 pair of boots of Gostros (worn) {*Corrode rPois rC+++ Int+3}
   (You found it on level 5 of the Dungeon)

   It affects your intelligence (+3).
   It renders you almost immune to cold.
   It protects you from poison.
   It may corrode you when you take damage.
Scrolls
 b - a scroll of magic mapping
 h - a scroll of blinking
 i - a scroll of enchant weapon
 j - 2 scrolls of fear
 n - a scroll of random uselessness {unknown}
 r - 2 scrolls of remove curse
 u - a scroll of enchant armour {unknown}
Comestibles
 f - 7 bread rations
 m - 2 meat rations


   Skills:
 + Level 7.2 Fighting
 - Level 3.6 Maces & Flails
 - Level 1.7 Throwing
 + Level 5.7 Armour
 - Level 2.6 Dodging


You had 7 spell levels left.
You didn't know any spells.

Dungeon Overview and Level Annotations

Branches:
Dungeon (5/15)
 Temple: D:4-7

Altars:
Pakellas
Xom

Annotations:
D:5 Mesmaeker13's ghost, novice DsGl


Innate Abilities, Weirdness & Mutations

You have razor-sharp toenails.
You may emit foul miasma when damaged in melee.
You regenerate a little health from kills.
You are immune to rotting.


Message History

The gargoyle barely misses you.
You hit the gargoyle but do no damage.
The gargoyle is lightly damaged.
The gargoyle hurls a stone arrow at you.
The stone arrow hits you! The gargoyle hits you with a mace.
Your chain mail prevents you from hitting the gargoyle.
The gargoyle is lightly damaged.
The gargoyle hits you with a mace!
You hit the gargoyle but do no damage.
The gargoyle is lightly damaged.
The gargoyle hurls a stone arrow at you.
The stone arrow hits you!
* * * LOW HITPOINT WARNING * * *
You hit the gargoyle but do no damage.
The gargoyle is lightly damaged.
The gargoyle hurls a stone arrow at you.
The stone arrow hits you!
* * * LOW HITPOINT WARNING * * *
The gargoyle hits you with a mace.
You die...

...... #.....#
#.# #.. #...##
#.....# #.# #..
...... ......#
#.# ###
......##.....#
#.## ....[(.....#
#..##
#........#####..#
#...........#.#
#......####...##
#9@#####
###.).####
##..####
#.....o...
#......#
#o........
#......#
#....(....
#......#
##########
#......# #).....#
########


You could see a gargoyle.

Vanquished Creatures
  An ice beast (D:5)
  A sky beast (D:5)
  2 ogres
  The ghost of Malvoorn the Slasher, an amateur DsAK of Lugonu (D:3)
  3 centaurs (D:5)
  A scorpion (D:4)
  A howler monkey (D:5)
  A centaur zombie (D:5)
  A hound (D:5)
  An orc priest (D:5)
  An iguana (D:4)
  Natasha (twice) (D:3)
  4 worker ants
  5 adders
  An ooze (D:4)
  3 worms
  2 dart slugs (D:1)
  2 giant geckos
  11 orcs
  3 giant cockroaches (D:1)
  17 goblins
  6 hobgoblins
  22 jackals
  11 kobolds
  3 quokkas
  A ball python (D:3)
  3 bats
  4 giant newts
  4 rats
118 creatures vanquished.

Notes
Turn   | Place    | Note
--------------------------------------------------------------
     0 | D:1      | Mesmaeker13 the Demonspawn Gladiator began the quest for the Orb.
     0 | D:1      | Reached XP level 1. HP: 16/16 MP: 1/1
   110 | D:1      | Gained mutation: You have sharp toenails. [demonic ancestry]
   110 | D:1      | Reached XP level 2. HP: 23/23 MP: 2/2
   299 | D:1      | Gained mutation: You are immune to rotting. [demonic ancestry]
   299 | D:1      | Reached XP level 3. HP: 28/28 MP: 3/3
   515 | D:2      | Reached skill level 3 in Fighting
   655 | D:2      | Gained mutation: You may emit foul miasma when damaged in melee. [demonic ancestry]
   655 | D:2      | Reached XP level 4. HP: 32/35 MP: 4/4
   708 | D:2      | Found an oddly glowing altar of Pakellas.
   904 | D:3      | Noticed Malvoorn's ghost (amateur DsAK)
   940 | D:4      | Noticed an ogre
   942 | D:4      | Reached skill level 1 in Armour
   957 | D:4      | Killed an ogre
   957 | D:4      | Reached skill level 4 in Fighting
   957 | D:4      | Gained mutation: You regenerate a little health from kills. [demonic ancestry]
   957 | D:4      | Reached XP level 5. HP: 22/42 MP: 5/5
  1607 | D:4      | Gained mutation: You have razor-sharp toenails. [demonic ancestry]
  1607 | D:4      | Reached XP level 6. HP: 39/50 MP: 6/6
  1921 | D:5      | Entered Level 5 of the Dungeon
  1927 | D:5      | Reached skill level 5 in Fighting
  1945 | D:5      | Noticed a sky beast
  1958 | D:5      | Killed a sky beast
  1969 | D:5      | Reached XP level 7. HP: 56/56 MP: 7/7
  2019 | D:5      | Reached skill level 6 in Fighting
  2034 | D:5      | Noticed a gargoyle
  2116 | D:3      | Killed Malvoorn's ghost
  2362 | D:3      | Reached skill level 5 in Armour
  2433 | D:3      | Noticed Natasha
  2437 | D:3      | Killed Natasha
  2461 | D:3      | Found a shimmering altar of Xom.
  2686 | D:3      | Noticed Natasha
  2690 | D:3      | Killed Natasha
  2880 | D:5      | Reached XP level 8. HP: 33/65 MP: 8/8
  2882 | D:5      | Got a pair of faintly glowing boots
  2893 | D:5      | Identified the +1 pair of boots of Gostros {*Corrode rPois rC+++ Int+3} (You found it on level 5 of the Dungeon)
  2934 | D:5      | Reached skill level 7 in Fighting
  3040 | D:5      | Noticed Mesmaeker13's ghost (novice DsGl)
  3087 | D:5      | HP: 2/67 [orc priest/divine providence (15)]
  3388 | D:5      | HP: 1/67 [gargoyle/stone arrow (14)]
  3389 | D:5      | Slain by a gargoyle

Skill      XL: |  1  2  3  4  5  6  7  8 |
---------------+-------------------------+-----
Maces & Flails | 3 |  3.6
Fighting       | 3 4 5 6 7 |  7.2
Armour         | 2 3 5 |  5.7
Throwing       | |  1.7
Dodging        | |  2.6

Action                   |  1- 3 |  4- 6 |  7- 9 || total
-------------------------+-------+-------+-------++-------
Melee: Flail             |   122 |       |       ||   122
       Kick              |    31 |       |       ||    31
       Long sword        |    20 |   100 |   170 ||   290
Throw: Throwing net      |       |     1 |     2 ||     3
  Use: Scroll            |     1 |     5 |     6 ||    12
       Potion            |       |       |     6 ||     6
  Eat: Chunk             |       |     3 |     5 ||     8
       Beef jerky        |       |       |     1 ||     1
Armor: Leather armour    |     7 |       |       ||     7
       Chain mail        |   107 |    97 |   134 ||   338
       Skin              |       |       |    20 ||    20
Dodge: Dodged            |    61 |    47 |    74 ||   182
